 Dungeon Crawl Stone Soup version 0.30-a0-23-ge60ba3568b (webtiles) character file.

Game seed: 1561856425123658693

248 uglyjohn the Firebug (level 5, -4/28 HPs)
             Began as a Deep Elf Fire Elementalist on Aug 24, 2022.
             Slain by Grinder (6 damage)
             ... while paralysed by Grinder
             ... on level 4 of the Dungeon.
             The game lasted 00:07:36 (4342 turns).

uglyjohn the Firebug (Deep Elf Fire Elementalist)   Turns: 4342, Time: 00:07:37

Health: -4/28      AC:  4    Str:  5    XL:     5   Next: 86%
Magic:  5/11       EV:  2    Int: 22    God:
Gold:   110        SH:  0    Dex: 15    Spells: 4/10 levels left

rFire   . . .      SeeInvis .    f - +0 mace
rCold   . . .      Faith    .    (no shield)
rNeg    . . .      Spirit   .    a - +0 robe
rPois   .          Reflect  .    (no helmet)
rElec   .          Harm     .    (no cloak)
rCorr   .          Rampage  .    t - +1 pair of gloves
Will    .....                    (no boots)
Stlth   ++........               (no amulet)
HPRegen 0.09/turn                (no ring)
MPRegen 0.12/turn                (no ring)

@: paralysed
A: no striking features
a: no special abilities


You were on level 4 of the Dungeon.
You visited 2 branches of the dungeon, and saw 5 of its levels.

You collected 110 gold pieces.

Inventory:

Hand Weapons
 f - a +0 mace (weapon)
Armour
 a - a +0 robe (worn)
 t - a +1 pair of gloves (worn)
Jewellery
 g - a +4 ring of protection
 s - an amulet of regeneration
Scrolls
 e - 2 scrolls of blinking {unknown}
 h - 2 scrolls of immolation {unknown}
 i - a scroll of brand weapon {unknown}
 j - a scroll of noise {unknown}
 k - a scroll of summoning {unknown}
 l - 6 scrolls of identify {unknown}
 m - 2 scrolls of butterflies {unknown}
 n - a scroll of enchant armour {unknown}
 o - a scroll of teleportation
 q - a scroll of fear {unknown}
 r - a scroll of poison {unknown}
Potions
 b - a potion of magic
 c - 4 potions of curing
 d - 4 potions of heal wounds {unknown}
 p - a potion of attraction {unknown}


   Skills:
 - Level 2.4 Dodging
 - Level 2.4 Stealth
 - Level 3.0 Spellcasting
 + Level 4.6 Conjurations
 + Level 5.6 Fire Magic


You had 4 spell levels left.
You knew the following spells:

 Your Spells              Type           Power      Damage    Failure   Level
a - Foxfire               Conj/Fire      100%       2x1d9     1%          1
b - Scorch                Fire           56%        2d7       1%          2
c - Conjure Flame         Conj/Fire      25%        6-21      4%          3

Your spell library contained the following spells:

 Spells                   Type           Power      Damage    Failure   Level
 Inner Flame              Hex/Fire       15%        N/A       12%         3
 Flame Wave               Conj/Fire      25%        2d8       16%         4
 Ignite Poison            Fire/Tmut/Pois 11%        N/A       17%         3
 Mephitic Cloud           Conj/Pois/Air  10%        N/A       21%         3
 Freezing Cloud           Conj/Ice/Air   5%         6-21      88%         5


Dungeon Overview and Level Annotations

Branches:
Dungeon (4/15)             Temple (1/1) D:4

Altars:
Cheibriados
Dithmenos
Elyvilon
Fedhas
Gozag
Kikubaaqudgha
Nemelex Xobeh
Okawaru
Ru
Sif Muna
Trog
Uskayaw
Wu Jian
Xom
Zin

Annotations:
D:4 Grinder


Message History

Grinder is moderately wounded.
Casting: Foxfire (safe; 1% risk of failure)
Confirm with . or Enter, or press ? or * to list all spells.
You conjure some foxfire!
Grinder drinks a potion.
Grinder suddenly seems more resistant.
The foxfire hits Grinder.
Grinder completely resists.
Grinder is moderately wounded.
Grinder gestures at you. You resist with significant effort.
The foxfire hits Grinder.
Grinder completely resists.
Grinder is moderately wounded.
Casting: Foxfire (safe; 1% risk of failure)
Confirm with . or Enter, or press ? or * to list all spells.
You can't see any susceptible monsters within range! (Use Z to cast anyway.)
Casting: Foxfire (safe; 1% risk of failure)
Confirm with . or Enter, or press ? or * to list all spells.
You conjure some foxfire!
The foxfire hits Grinder.
Grinder resists.
Grinder is moderately wounded.
The foxfire hits Grinder.
Grinder resists.
Grinder is moderately wounded.
Casting: Foxfire (safe; 1% risk of failure)
Confirm with . or Enter, or press ? or * to list all spells.
Flames lash Grinder.
Grinder resists.
Grinder is heavily wounded.
Grinder's fire resistance burns away.
Casting: Scorch (safe; 1% risk of failure)
Confirm with . or Enter, or press ? or * to list all spells.
Flames lash Grinder.
Grinder is heavily wounded.
Grinder gestures at you.
You suddenly lose the ability to move!
Grinder hits you!
You writhe in agony.
Grinder hits you. Grinder hits you!
* * * LOW HITPOINT WARNING * * *
You writhe in agony.
* * * LOW HITPOINT WARNING * * *
Grinder hits you.
You die...

#...........###
###..####.#..#
###>.........#
#........##..#
#.##.....##.##
#...........#
#..##.##.#..# #
###..##.##..#....
#..@..........###.#
#..5.##.....###
#....##.....#
#.....ยง.....#
#.##..#.#...# #.
#.#...)#..
#.........####
##.......##


You could see Grinder (resistant, combustible).

Vanquished Creatures
  A necrophage (D:4)
  Natasha (twice) (D:2)
  5 adders
  5 worms
  3 orcs (D:3)
  3 bats
  3 endoplasms
  3 giant cockroaches
  9 goblins
  8 hobgoblins
  6 kobolds
  5 quokkas
  10 ball pythons
  5 frilled lizards
  5 rats
73 creatures vanquished.

Vanquished Creatures (others)
  147 foxfires
147 creatures vanquished.

Grand Total: 220 creatures vanquished

Notes
Turn   | Place    | Note
-------+----------+-------------------------------------------
     0 | D:1      | uglyjohn the Deep Elf Fire Elementalist began the quest for
                  | the Orb.
     0 | D:1      | Reached XP level 1. HP: 10/10 MP: 6/6
   159 | D:1      | Reached XP level 2. HP: 15/15 MP: 6/8
   171 | D:1      | Learned a level 2 spell: Scorch
   464 | D:1      | Found a faded altar of an unknown god.
   470 | D:1      | Reached skill level 4 in Fire Magic
   553 | D:1      | Reached XP level 3. HP: 19/19 MP: 6/9
   557 | D:1      | Learned a level 3 spell: Conjure Flame
  1392 | D:2      | Reached XP level 4. HP: 24/24 MP: 7/10
  2057 | D:2      | Noticed Natasha
  2062 | D:2      | Killed Natasha
  2271 | D:2      | Noticed Natasha
  2278 | D:2      | Killed Natasha
  2279 | D:2      | Reached skill level 5 in Fire Magic
  2279 | D:2      | Reached XP level 5. HP: 28/28 MP: 4/11
  2452 | D:3      | Found an ancient bone altar of Kikubaaqudgha.
  2691 | D:3      | Found a shadowy altar of Dithmenos.
  3797 | D:3      | Found a sparkling altar of Nemelex Xobeh.
  4062 | D:4      | Found a staircase to the Ecumenical Temple.
  4077 | Temple   | Entered the Ecumenical Temple
  4312 | D:4      | Noticed Grinder
  4338 | D:4      | Paralysed by Grinder for 5 turns
  4342 | D:4      | Slain by Grinder

Illustrated notes

Levels and vault maps discovered:
D:1:      erik_arrival_blinker_ship, layout_rooms, basic_ecumenical_altar
D:2:      layout_loops_corners, st_stairs_14, minmay_tetromino_t4, uniq_natasha
D:3:      layout_basic, nicolae_kikubaaqudgha_miasma_corner,
          mainiacjoe_overflow_alcove_1,
          nicolae_dithmenos_through_a_glass_darkly, serial_curves,
          eino_curves_01, eino_curves_04, hangedman_abyss_or_decor_stabs,
          minivault_25, eino_curves_03
D:4:      layout_loops_ring, minmay_temple_entry_drinking_statues, serial_shops,
          shop, hangedman_abyss_or_decor_lesser_grid, uniq_grinder
Temple:   nicolae_temple_bog_church

Skill      XL: |  1  2  3  4  5 |
---------------+----------------+-----
Conjurations   | 2 3 4 |  4.6
Fire Magic     | 4 5 |  5.6
Dodging        | |  2.4
Stealth        | |  2.4
Spellcasting   | |  3.0

Action                   |  1- 3 |  4- 6 || total
-------------------------+-------+-------++-------
Melee: Unarmed           |     2 |       ||     2
       Mace              |       |     1 ||     1
 Cast: Foxfire           |    57 |    33 ||    90
       Scorch            |       |    23 ||    23
  Use: Scroll            |     1 |       ||     1
 Stab: Sleeping          |       |     1 ||     1
Armor: Robe              |     6 |     1 ||     7
Dodge: Dodged            |    19 |    12 ||    31

Table legend: (Time is in decaauts)
 A = Elapsed time spent in this place.
 B = Non-inter-level travel time spent in this place.
 C = Inter-level travel time spent in this place.
 D = Time resting spent in this place.
 E = Time spent auto-exploring this place.
 F = Levels seen in this place.
 G = Mean time per level.
                   A        B        C        D        E       F      G
               +--------+--------+--------+--------+--------+-----+--------+
         Total |   4345 |   4199 |    146 |   1057 |   2553 |   5 |  869.0 |
       Dungeon |   4129 |   4001 |    128 |   1057 |   2372 |   4 | 1032.2 |
        Temple |    215 |    197 |     18 |      0 |    181 |   1 |  215.0 |
               +--------+--------+--------+--------+--------+-----+--------+

Top non-repeatable levels by time:
     D:2: 1670 daAuts
     D:3: 1480 daAuts
     D:1: 769 daAuts
  Temple: 215 daAuts
     D:4: 209 daAuts
